AoeStats
← 根本赢不了

Migration

510147866Analyzed
1v1 RM · 2d ago on Sep 29, 2026· 35m 7s· 2 players
Game mode
Random Map
Map size
132×132
Population
200
Speed
Normal
Resources
Standard
Victory
Conquest
Starting age
Dark Age
Ending age
Imperial Age
RankedLock teamsTeams togetherTeam positionsShared explorationLock speedFull tech treeHidden civsTurbo modeCheats
Victory
Defeat
🇨🇳 Armenians · China
1045
+50
🇨🇭 Danes · Switzerland
1071
-17
根本赢不了
10:50 Loom
13:27 Feudal Age
14:40 Double-Bit Axe
14:48 Gold Mining
17:52 Castle Age
18:14 Fletching
18:46 Medium Warships
18:17 Fishing Lines
18:51 Bodkin Arrow
19:10 Bow Saw
19:36 Gold Shaft Mining
19:40 Horse Collar
21:55 Padded Archer Armor
22:21 Ballistics
25:07 Imperial Age
25:38 Leather Archer Armor
26:22 Bracer
27:28 Chemistry
31:14 Ring Archer Armor
30:41 Stone Mining
35:27 Murder Holes
Nipo
10:35 Feudal Age
11:13 Double-Bit Axe
18:29 Castle Age
19:35 Husbandry
21:42 Fletching
24:23 Wheelbarrow
35:08 Hand Cart
Connection lost

Rejoining the realm…

Still unreachable

The connection could not be restored.

Session expired

The server has moved on; the page needs a fresh start.